 Dungeon Crawl Stone Soup version 0.30-a0-919-g9323dee000 (webtiles) character file.

Game seed: 5100800134768082642

2492 Aequonox the Covered (level 9, -14/52 HPs)
             Began as a Gargoyle Earth Elementalist on Mar 21, 2023.
             Was an Elder of Kikubaaqudgha.
             Shot with an arrow by a centaur warrior (15 damage)
             ... on level 7 of the Dungeon.
             The game lasted 00:24:35 (6797 turns).

Aequonox the Covered (Gargoyle Earth Elementalist)  Turns: 6797, Time: 00:24:36

Health: -14/52     AC: 22    Str: 21    XL:     9   Next: 52%
Magic:  15/15      EV:  7    Int: 20    God:    Kikubaaqudgha [****..]
Gold:   343        SH:  0    Dex: 10    Spells: 16/17 levels left

rFire   . . .      SeeInvis .    k - +9 hand axe of the Orcish Mines {vamp, Int+3}
rCold   . . .      Faith    .    (no shield)
rNeg    + . .      Spirit   .    y - +0 plate armour
rPois   ∞          Reflect  .    K - +0 helmet
rElec   +          Rampage  .    a - +1 cloak
rCorr   .                        (no gloves)
Will    .....                    (no boots) Stlth
                                 w - amulet of magic regeneration
HPRegen 0.28/turn                j - +6 ring of strength
MPRegen 0.54/turn                z - +4 ring of slaying

@: hasted, studying Polearms, quick
A: sickness immunity, AC +6, negative energy resistance 1, electricity
resistance, torment resistance 1, petrification resistance
a: Renounce Religion, Unearth Wretches


You were on level 7 of the Dungeon.
You worshipped Kikubaaqudgha.
Kikubaaqudgha was greatly pleased with you.
You visited 2 branches of the dungeon, and saw 8 of its levels.
You also visited: Sewer.

You collected 343 gold pieces.

Inventory:

Hand Weapons
 k - the +9 hand axe of the Orcish Mines (weapon) {vamp, Int+3}
   (You found it on level 2 of the Dungeon)

   Int:       It affects your intelligence (+3).
Missiles
 h - 3 atropa-tipped darts
 l - 5 datura-tipped darts
 n - 21 poisoned darts
 t - 2 curare-tipped darts
Armour
 a - a +1 cloak (worn)
 y - a +0 plate armour (worn)
 J - a scarf of invisibility
 K - a +0 helmet (worn)
Magical Staves
 m - a staff of fire
Jewellery
 j - a +6 ring of strength (left hand)
 w - an amulet of magic regeneration (around neck)
 z - a +4 ring of slaying (right hand)
 F - a ring of see invisible
Wands
 G - a wand of roots (9)
 H - a wand of flame (9)
Scrolls
 c - 4 scrolls of immolation
 d - 2 scrolls of noise {unknown}
 e - 2 scrolls of blinking {unknown}
 f - 2 scrolls of vulnerability {unknown}
 i - 2 scrolls of identify
 u - a scroll of enchant weapon {unknown}
 x - a scroll of enchant armour {unknown}
 B - 2 scrolls of magic mapping {unknown}
 D - 2 scrolls of teleportation {unknown}
 I - a scroll of fog {unknown}
 M - a scroll of amnesia {unknown}
Potions
 b - 3 potions of magic
 g - 3 potions of haste
 o - a potion of resistance {unknown}
 p - 5 potions of might
 q - 3 potions of mutation
 r - a potion of experience {unknown}
 s - 2 potions of heal wounds {unknown}
 v - 2 potions of attraction {unknown}
 A - 2 potions of curing {unknown}
 C - a potion of berserk rage
 E - 2 potions of lignification {unknown}
 L - 2 potions of brilliance {unknown}


   Skills:
 + Level 4.5 Fighting
 * Level 5.1 Axes
 * Level 6.2 Armour
 + Level 3.9 Dodging
 - Level 2.4 Stealth
 + Level 4.5 Spellcasting
 + Level 1.8 Conjurations
 + Level 2.1 Necromancy
 - Level 1.0 Transmutations
 - Level 6.0 Earth Magic


You had 16 spell levels left.
You knew the following spells:

 Your Spells              Type           Power      Damage    Failure   Level
a - Sandblast             Erth           56%        2d13      22%         1

Your spell library contained the following spells:

 Spells                   Type           Power      Damage    Failure   Level
 Passwall                 Tmut/Erth      15%        N/A       65%         2
 Necrotise                Necr           48%        1d6       71%         1
 Kiss of Death            Conj/Necr      48%        2d9       73%         1
 Stone Arrow              Conj/Erth      40%        3d9       82%         3
 Vampiric Draining        Necr           12%        2d6       97%         3
 Hailstorm                Conj/Ice       8%         3d4       99%         3
 Petrify                  Tmut/Erth      18%        N/A       99%         4
 Animate Dead             Necr           12%        N/A       100%        4
 Dispel Undead            Necr           12%        3d9       100%        4
 Ice Form                 Ice/Tmut       6%         N/A       100%        4
 Borgnjor's Vile Clutch   Necr/Erth      10%        N/A       100%        5
 Death Channel            Necr           6%         N/A       100%        6
 Simulacrum               Ice/Necr       4%         N/A       100%        6


Dungeon Overview and Level Annotations

Branches:
Dungeon (7/15)             Temple (1/1) D:4           Sewer (visited)

Altars:
Dithmenos
Elyvilon
Kikubaaqudgha
Makhleb
Okawaru
Qazlal
Ru
Trog

Shops:
D:1 (([


Innate Abilities, Weirdness & Mutations

You are immune to sickness and miasma.
Your stone body is resilient. (AC +6)
You are immune to poison.
You resist negative energy. (rN+)
You are resistant to electric shocks. (rElec)
You are resistant to unholy torment.
You are immune to petrification.


Message History

You miss the killer bee. The killer bee barely misses you.
The centaur warrior hits you but does no damage.
The centaur warrior kicks you but does no damage.
The killer bee barely misses you.
You hit the centaur warrior.
The centaur warrior is moderately wounded.
You slash the killer bee!
The killer bee stings you but does no damage.
The centaur warrior hits you with a +0 hand axe!
The centaur warrior barely misses you.
The killer bee stings you but does no damage.
The centaur warrior hits you but does no damage.
The centaur warrior kicks you but does no damage.
You hit the centaur warrior.
You feel better.
The centaur warrior is moderately wounded.
You closely miss the killer bee.
The killer bee stings you but does no damage.
The centaur warrior barely misses you.
The centaur warrior kicks you but does no damage.
The killer bee stings you but does no damage.
The orc wizard casts a spell.
The orc wizard flickers and vanishes!
You hear a shout!
The killer bee attacks as you move away!
The killer bee stings you but does no damage.
The yak snorts and paws the ground.
The centaur warrior hits you but does no damage.
The centaur warrior kicks you but does no damage.
The centaur warrior unwields a +0 hand axe.
The centaur warrior wields a +0 longbow.
The centaur warrior shoots an arrow.
The arrow barely misses you.
The centaur warrior shoots an arrow.
The arrow hits you!
The centaur warrior shoots an arrow.
The arrow barely misses you.
The centaur warrior shoots an arrow.
The arrow hits you!!
* * * LOW HITPOINT WARNING * * *
Unknown command.
You feel yourself speed up.
The centaur warrior shoots an arrow.
The arrow hits you!
You die...
Kikubaaqudgha rasps: "You have failed me!
Welcome... oblivion!"

#....####~###~....##
......##~~#.#~...#.##
......##~##.#~~..#..# ..
......##~#..##~.###.## ..
......##~#...#~####..## .#
......#~~#.#.#~###..#.## (.#
#.....#~##...#~#...##..###.#
##....#~#.#..#~~.#####.#...#
######~#~.#)##~@## ##..#
#~#.#.#.##~~# #..#######
##~##.~.####~# ##........
##~~#.#.#.#~#c# ##...####.
#~~##~.#.~#~~s## #....#
#~###.#.#.#~oY.# #....# #..
#~#~#..~.##~...# #....# #..
#~~~##..#.#~.o.# #....# ##..
##.~#~#..~#~..## ##c...#
#...


You could see a centaur warrior, a yak, a scorpion and an orc.

Vanquished Creatures
  Grinder (D:5)
  Sigmund (D:3)
  A vampire mosquito (D:7)
  A steam dragon (D:6)
  2 ice beasts
  2 ogres
  A centaur (D:7)
  Blork the orc (D:4)
  2 kobold brigands
  2 scorpions
  A bullfrog (D:6)
  4 killer bees (D:7)
  2 howler monkeys
  2 hounds (D:6)
  2 orc priests
  Crazy Yiuf (D:5)
  2 sleepcaps
  3 iguanas
  2 orc wizards
  Terence (D:3)
  Robin (D:3)
  15 gnolls
  9 adders
  2 shadow imps
  2 white imps
  2 ufetubi
  2 worms
  3 dart slugs
  18 orcs
  4 bats
  9 endoplasms
  9 giant cockroaches
  17 goblins
  10 hobgoblins
  2 jackals (D:1)
  3 quokkas
  16 ball pythons
  7 frilled lizards
  26 kobolds
  13 rats
204 creatures vanquished.

Vanquished Creatures (others)
  13 plants
  A withered plant (D:3)
14 creatures vanquished.

Grand Total: 218 creatures vanquished

Notes
Turn   | Place    | Note
-------+----------+-------------------------------------------
     0 | D:1      | Aequonox the Gargoyle Earth Elementalist began the quest
                  | for the Orb.
     0 | D:1      | Reached XP level 1. HP: 10/10 MP: 3/3
   179 | D:1      | Reached skill level 1 in Transmutations
   179 | D:1      | Reached XP level 2. HP: 15/15 MP: 3/5
   222 | D:1      | Found Naako Cos's Antique Weapon Emporium.
   237 | D:1      | Found Reiptah's Armour Boutique.
   351 | D:1      | Found Tuil's Antique Weapon Boutique.
   734 | D:1      | Reached XP level 3. HP: 20/20 MP: 4/6
   995 | D:2      | Reached skill level 1 in Armour
  1131 | D:2      | Identified the +9 hand axe of the Orcish Mines {vamp,
                  | Int+3}
  1174 | D:3      | Reached skill level 1 in Fighting
  1249 | D:3      | Found a faded altar of an unknown god.
  1252 | D:3      | Reached XP level 4. HP: 25/25 MP: 1/7
  1258 | D:3      | Prayed at the altar of an unknown god.
  1258 | D:3      | Became a worshipper of Kikubaaqudgha
  1258 | D:3      | Reached * piety under Kikubaaqudgha
  1258 | D:3      | Received a gift from Kikubaaqudgha
  1474 | D:3      | Noticed Sigmund
  1501 | D:3      | HP: 1/25 [something (4)]
  1566 | D:3      | Found a glowing drain.
  1571 | D:3      | Noticed Robin
  1578 | Sewer    | Entered a sewer
  1682 | Sewer    | Noticed a kobold brigand
  1718 | Sewer    | Killed a kobold brigand
  1719 | Sewer    | Reached skill level 1 in Axes
  1719 | Sewer    | Reached XP level 5. HP: 18/30 MP: 7/9
  1849 | Sewer    | Reached ** piety under Kikubaaqudgha
  2099 | D:3      | Killed Robin
  2552 | D:3      | Noticed an ogre
  2563 | D:3      | Killed an ogre
  2564 | D:3      | Reached XP level 6. HP: 35/35 MP: 10/10
  2851 | D:4      | Noticed an ice beast
  2897 | D:3      | Noticed Terence
  2902 | D:3      | Killed Terence
  2903 | D:3      | Reached XP level 7. HP: 40/40 MP: 11/11
  2975 | D:3      | Reached *** piety under Kikubaaqudgha
  2975 | D:3      | Received a gift from Kikubaaqudgha
  2976 | D:3      | Reached skill level 5 in Earth Magic
  3094 | D:3      | Killed Sigmund
  3857 | D:4      | Reached XP level 8. HP: 46/46 MP: 13/13
  3997 | D:4      | Found a staircase to the Ecumenical Temple.
  4002 | Temple   | Entered the Ecumenical Temple
  4028 | D:4      | Found a stormy altar of Qazlal.
  4028 | D:4      | Found a bloodstained altar of Trog.
  4029 | D:4      | Found a sacrificial altar of Ru.
  4184 | D:5      | Entered Level 5 of the Dungeon
  4246 | D:5      | Noticed Blork the orc
  4265 | D:4      | Killed Blork the orc
  4378 | D:5      | Reached **** piety under Kikubaaqudgha
  4603 | D:5      | Noticed Grinder
  4608 | D:5      | Killed Grinder
  4609 | D:5      | Reached skill level 5 in Armour
  4609 | D:5      | Reached skill level 1 in Necromancy
  4858 | D:5      | Found a white marble altar of Elyvilon.
  4960 | D:5      | Found a runed translucent door.
  4961 | D:5      | Noticed Crazy Yiuf
  5051 | D:5      | Killed Crazy Yiuf
  5288 | D:6      | Reached XP level 9. HP: 39/52 MP: 15/15
  5423 | D:6      | Found a burning altar of Makhleb.
  5579 | D:6      | Reached skill level 1 in Conjurations
  6434 | D:7      | Noticed a centaur warrior
  6555 | D:7      | Reached skill level 5 in Axes
  6796 | D:7      | HP: 1/52 [centaur warrior/arrow (20)]
  6797 | D:7      | Shot with an arrow by a centaur warrior

Illustrated notes

Levels and vault maps discovered:
D:1:      dpeg_arrival_oval, layout_rooms, serial_shops,
          nicolae_shop_hallway_stairs, nicolae_shop_crystal, shop,
          kennysheep_doodads
D:2:      layout_rooms, minmay_mini_jars
D:3:      wad_lake_hut, layout_basic, ebering_ecumenical_altar_petrified,
          portal_sewer_entry_a, minmay_pentangle, uniq_terence, uniq_sigmund,
          uniq_robin
D:4:      layout_rooms, gammafunk_temple_overflow_forgotten, temple_statues,
          skrybe_limestone_x, minmay_vboxes
D:5:      layout_loops_cross, nicolae_elyvilon_temple_path,
          uniq_crazy_yiuf_cottage, uniq_grinder, uniq_blork_the_orc
D:6:      layout_basic, mainiacjoe_overflow_24_doors
D:7:      nzn_winding_woodlands_small [nzn_winding_woodlands_5x15_twine,
          nzn_winding_woodlands_center_diamonds,
          nzn_winding_woodlands_5x15_pool], layout_cave_pods, dk_noncrumbling_3,
          minmay_manual_mullet
Temple:   dpeg_chambers_temple

Skill      XL: |  1  2  3  4  5  6  7  8  9 |
---------------+----------------------------+-----
Transmutations | 1 |  1.0
Earth Magic    | 4 5 6 |  6.0
Armour         | 1 2 3 4 5 6 |  6.2
Dodging        | 2 3 |  3.9
Fighting       | 1 2 3 4 |  4.5
Axes           | 1 2 3 4 5 |  5.1
Spellcasting   | 3 4 |  4.5
Necromancy     | 1 2 |  2.1
Conjurations   | 1 |  1.8
Stealth        | |  2.4

Action                     |  1- 3 |  4- 6 |  7- 9 || total
---------------------------+-------+-------+-------++-------
  Melee: Unarmed           |    28 |       |       ||    28
         Hand axe          |       |   106 |   244 ||   350
         Punch             |       |     1 |     3 ||     4
   Cast: Sandblast         |    53 |    41 |     1 ||    95
    Use: Scroll            |       |       |     5 ||     5
         Potion            |       |       |     1 ||     1
 Armour: Robe              |    20 |    29 |       ||    49
         Plate armour      |       |    39 |   216 ||   255
  Dodge: Dodged            |    56 |    63 |   105 ||   224

Table legend: (Time is in decaauts)
 A = Elapsed time spent in this place.
 B = Non-inter-level travel time spent in this place.
 C = Inter-level travel time spent in this place.
 D = Time resting spent in this place.
 E = Time spent auto-exploring this place.
 F = Levels seen in this place.
 G = Mean time per level.
                   A        B        C        D        E       F      G
               +--------+--------+--------+--------+--------+-----+--------+
         Total |   7038 |   6710 |    328 |     26 |   4733 |   9 |  782.0 |
       Dungeon |   6450 |   6122 |    328 |     26 |   4436 |   7 |  921.4 |
        Temple |      4 |      4 |      0 |      0 |      0 |   1 |    4.0 |
         Sewer |    583 |    583 |      0 |      0 |    297 |   1 |  583.0 |
               +--------+--------+--------+--------+--------+-----+--------+

Top non-repeatable levels by time:
     D:3: 1623 daAuts
     D:6: 1151 daAuts
     D:5: 879 daAuts
     D:1: 823 daAuts
     D:2: 737 daAuts
     D:4: 639 daAuts
     D:7: 596 daAuts
   Sewer: 583 daAuts
  Temple: 4 daAuts
